 Dungeon Crawl Stone Soup version 0.28.0 (webtiles) character file.

Game seed: 5136644198645113852

48 horus123 the Cudgeller (level 3, -5/29 HPs)
             Began as a Demonspawn Gladiator on Feb 12, 2022.
             Slain by a gnoll (7 damage)
             ... on level 2 of the Dungeon.
             The game lasted 00:02:20 (1758 turns).

horus123 the Cudgeller (Demonspawn Gladiator)       Turns: 1758, Time: 00:02:20

Health: -5/29      AC:  6    Str: 16    XL:     3   Next: 50%
Magic:  3/3        EV: 11    Int:  9    God:
Gold:   61         SH:  0    Dex: 14    Spells: 2/2 levels left

rFire   . . .      SeeInvis .   a - +1 flail
rCold   . . .      Faith    .   (no shield)
rNeg    . . .      Spirit   .   c - +0 ring mail
rPois   .          Reflect  .   (helmet restricted)
rElec   .          Harm     .   (no cloak)
rCorr   .          Rampage  .   (no gloves)
Will    .....                   b - +0 pair of boots
Stlth   +.........              (no amulet)
HPRegen 0.09/turn               (no ring)
MPRegen 0.08/turn               (no ring)

@: no status effects
A: horns 1
a: no special abilities


You were on level 2 of the Dungeon.
You visited 1 branch of the dungeon, and saw 2 of its levels.

You collected 61 gold pieces.

Inventory:

Hand Weapons
 a - a +1 flail (weapon)
Missiles
 d - 3 throwing nets (quivered)
Armour
 b - a +0 pair of boots (worn)
 c - a +0 ring mail (worn)


   Skills:
 - Level 3.0 Fighting
 - Level 3.0 Maces & Flails
 - Level 1.7 Throwing
 + Level 1.6 Armour
 - Level 2.6 Dodging


You had 2 spell levels left.
You didn't know any spells.
Your spell library was empty.

Dungeon Overview and Level Annotations

Branches:
Dungeon (2/15)

Altars:


Innate Abilities, Weirdness & Mutations

You have a pair of small horns on your head.


Message History

You feel a little less clever now.
You start resting.
HP restored.
You see here 12 bolts.
There is a stone staircase leading down here.
You climb downwards.
There is a stone staircase leading up here.
The gnoll hits you with a +0 halberd.
You hit the gnoll but do no damage. You hit the gnoll.
The gnoll is lightly wounded.
The gnoll barely misses you. The gnoll hits you with a +0 flail!
You hit the gnoll. You headbutt the gnoll.
The gnoll is severely wounded.
The gnoll barely misses you. The gnoll hits you with a +0 flail.
The gnoll hits you from afar with a +0 halberd.
You completely miss the gnoll. You headbutt the gnoll.
The gnoll is almost dead.
The gnoll barely misses you.
The gnoll hits you from afar with a +0 halberd!
* * * LOW HITPOINT WARNING * * *
You hit the gnoll.
You kill the gnoll!
The gnoll barely misses you.
Your Armour skill increases to level 1!
The gnoll misses you. x2
You see here a +0 flail.
You sock the gnoll! You headbutt the gnoll.
You kill the gnoll!
The gnoll misses you. The gnoll barely misses you.
Things that are here:
a +0 halberd; a gnoll corpse You hit the gnoll.
The gnoll is heavily wounded.
The gnoll hits you but does no damage.
You hit the gnoll.
The gnoll is almost dead.
The gnoll closely misses you. The gnoll hits you with a +0 spear!
You die...

### #.#.#### #..#
#.# ..# ..###.#....#
#..###.###..#
#.....####.#
#...........#
#..#### #.#
#...#..##...# # #..#
###.#
###.#..##...##...
#..# #...#
#.#>..)......#
#..#####.###
#.#......g..#
..........#
#)#g#........#
#.#####...#
#@#.###...##g.. #.##
#...# #g#g# #....# #
...####...######.#.#
####.#
.#....#...gg.<..<#.#
.#
...##.##..########.#
#
#####......g.g.g...#
# ####....########
#########.#.#
..........#.#


You could see a gnoll.

Vanquished Creatures
  2 gnolls (D:2)
  A dart slug (D:1)
  6 endoplasms
  3 goblins
  A hobgoblin (D:1)
  2 jackals (D:1)
  3 kobolds (D:1)
  3 ball pythons (D:1)
  A bat (D:1)
  2 frilled lizards (D:1)
  2 rats (D:1)
26 creatures vanquished.

Notes
Turn   | Place    | Note
-------+----------+-------------------------------------------
     0 | D:1      | horus123 the Demonspawn Gladiator began the quest for the
                  | Orb.
     0 | D:1      | Reached XP level 1. HP: 16/16 MP: 1/1
   226 | D:1      | Gained mutation: You have a pair of small horns on your
                  | head. [demonic ancestry]
   226 | D:1      | Reached XP level 2. HP: 20/23 MP: 2/2
   972 | D:1      | Found a faded altar of an unknown god.
  1450 | D:2      | Reached XP level 3. HP: 11/29 MP: 3/3
  1754 | D:2      | Reached skill level 1 in Armour
  1758 | D:2      | Slain by a gnoll

Illustrated notes

Levels and vault maps discovered:
D:1:      dpeg_arrival_arbitrary_a, layout_loops_ring,
          hellmonk_ecumenical_altar_crossroads, minmay_misc_feat_room
D:2:      layout_loops_ring, minmay_misc_feat_more_columns

Skill      XL: |  1  2  3 |
---------------+----------+-----
Maces & Flails | 3 |  3.0
Fighting       | 3 |  3.0
Armour         | 1 |  1.6
Throwing       | |  1.7
Dodging        | |  2.6

Action                   || total
-------------------------++-------
Melee: Flail             ||    67
       Headbutt          ||     5
  Use: Scroll            ||     3
       Potion            ||     1
Armor: Leather armour    ||     7
       Ring mail         ||     7
Dodge: Dodged            ||    55
